[Event "Titled Tuesday Blitz April 25 Early 2023"]
[White "Principe, Gerson"]
[Black "TigranHH"]
[WhiteFideId "3804550"]
[WhiteElo "2229"]
[BlackElo "2323"]
[Result "1-0"]
[Round "02"]
[TimeControl "180+2"]
[Date "2023.04.25"]
[WhiteClock "0:00:17"]
[BlackClock "0:00:01"]

1. d4 Nf6 2. Nf3 d5 3. c4 e6 4. Nc3 dxc4 5. e3 a6 6. Bxc4 b5 7. Bd3 Bb7 8. O-O c5 9. Qe2 Nbd7 10. Rd1 Qb6 11. a4 c4 12. Bb1 Bb4 13. e4 O-O-O 14. axb5 axb5 15. Be3 Ng4 16. Bf4 e5 17. dxe5 Bc5 18. Bg3 Rhe8 19. Nd5 Qc6 20. Bc2 Ndxe5 21. Nxe5 Nxe5 22. b3 f6 23. bxc4 bxc4 24. Ba4 Qe6 25. Bxe8 Rxe8 26. Qc2 Kb8 27. Rab1 Ka8 28. Qa4+ 1-0


[Site "https://www.chess.com"]

[Event "Titled Tuesday Blitz April 25 Early 2023"]
[White "Todorovic, Bojan"]
[Black "Kubicka, Anna"]
[WhiteFideId "917087"]
[BlackFideId "1152254"]
[WhiteElo "2266"]
[BlackElo "2144"]
[Result "1/2-1/2"]
[Round "02"]
[TimeControl "180+2"]
[Date "2023.04.25"]
[WhiteClock "0:00:02"]
[BlackClock "0:00:07"]

1. Nf3 Nf6 2. g3 g6 3. Bg2 Bg7 4. O-O O-O 5. c4 c5 6. Nc3 Nc6 7. d3 d6 8. a3 Nd7 9. Bd2 Rb8 10. Rb1 a6 11. b4 cxb4 12. axb4 b5 13. cxb5 axb5 14. Qc1 Ba6 15. Bh6 Nce5 16. Bxg7 Kxg7 17. Qb2 Nxf3+ 18. Bxf3 Ne5 19. Bg2 Kg8 20. Nd5 Bb7 21. Ra1 Bxd5 22. Bxd5 e6 23. Bg2 Qb6 24. Rfc1 Rfc8 25. Rc3 Nc6 26. Rac1 Ne7 27. e3 Rxc3 28. Rxc3 Rc8 29. Rxc8+ Nxc8 30. Qf6 Qc7 31. h4 h5 32. Bf3 Ne7 33. g4 hxg4 34. Bxg4 Nd5 35. Qg5 Qe7 36. Qxe7 Nxe7 37. Be2 Nc6 38. d4 Nxb4 39. Bxb5 Kg7 40. Kg2 Nd5 41. Kg3 Kf6 42. Be8 Nc3 43. Bc6 e5 44. dxe5+ Kxe5 45. Bf3 Ne4+ 46. Kg2 Nd2 47. Be2 f5 48. h5 gxh5 49. Bxh5 f4 50. exf4+ Kxf4 51. Bf7 Ne4 52. Bg8 Nf6 53. Bf7 Ng4 54. Bg8 Ne5 55. Be6 Ng6 56. Bd5 Nh4+ 57. Kf1 Nf3 58. Bc6 Nd4 59. Bb7 Nc2 60. Ke2 Nb4 61. Ba8 Na2 62. Kd3 Nb4+ 63. Kd4 Nc2+ 64. Kd5 Ne1 65. Kxd6 Nd3 66. Kd7 Nxf2 1/2-1/2


[Site "https://www.chess.com"]

[Event "Titled Tuesday Blitz April 25 Early 2023"]
[White "Padmini, Rout"]
[Black "Inepton_Fermion"]
[WhiteFideId "5029295"]
[WhiteElo "2314"]
[BlackElo "2321"]
[Result "1-0"]
[Round "02"]
[TimeControl "180+2"]
[Date "2023.04.25"]
[WhiteClock "0:00:17"]
[BlackClock "0:00:01"]

1. b3 g6 2. Bb2 Nf6 3. e4 Bg7 4. e5 Nd5 5. c4 Nb6 6. d4 d6 7. exd6 cxd6 8. Nf3 Bg4 9. Be2 Nc6 10. Nbd2 O-O 11. h3 Bxf3 12. Nxf3 d5 13. O-O Re8 14. a4 a5 15. c5 Nd7 16. Bb5 e5 17. dxe5 Nxc5 18. Rc1 Nd7 19. Re1 Nb4 20. Ba3 Re6 21. Bxb4 axb4 22. Qxd5 Nxe5 23. Qxb7 Rb8 24. Qe4 Nxf3+ 25. Qxf3 Rxe1+ 26. Rxe1 Bc3 27. Re8+ Qxe8 28. Bxe8 Rxe8 29. Qd5 Re1+ 30. Kh2 Ra1 31. a5 Ra2 32. Kg3 Be1 33. Qd8+ Kg7 34. Qd4+ Kg8 35. Qe3 Bd2 36. Qb6 Be1 37. a6 Bxf2+ 38. Qxf2 Rxa6 39. Qc5 1-0


[Site "https://www.chess.com"]

[Event "Titled Tuesday Blitz April 25 Early 2023"]
[White "Sohier, Julien"]
[Black "Sonnenschein, Philipp"]
[WhiteFideId "645346"]
[BlackFideId "16250877"]
[WhiteElo "2209"]
[BlackElo "2224"]
[Result "0-1"]
[Round "02"]
[TimeControl "180+2"]
[Date "2023.04.25"]
[WhiteClock "0:02:05"]
[BlackClock "0:02:17"]

1. e4 c6 2. Nf3 d5 3. d3 Qc7 4. Nc3 dxe4 5. dxe4 e5 6. Bc4 h6 7. O-O b5 8. Bb3 Nf6 9. Re1 Bc5 10. Be3 Bxe3 11. Rxe3 O-O 12. a4 b4 13. Ne2 Na6 14. c3 Nc5 15. cxb4 Ncxe4 16. Nc3 Nxf2 17. Kxf2 Ng4+ 18. Ke2 Nxe3 19. Kxe3 Qb6+ 20. Ke2 Qxb4 21. Nd2 Bg4+ 0-1


[Site "https://www.chess.com"]

[Event "Titled Tuesday Blitz April 25 Early 2023"]
[White "Rodchenkov, Sergey D."]
[Black "Mihajlovskij"]
[WhiteFideId "4168712"]
[WhiteElo "2277"]
[BlackElo "2316"]
[Result "1-0"]
[Round "02"]
[TimeControl "180+2"]
[Date "2023.04.25"]
[WhiteClock "0:00:09"]
[BlackClock "0:00:13"]

1. e4 d5 2. exd5 Qxd5 3. Nc3 Qe5+ 4. Be2 Bg4 5. d4 Bxe2 6. Ngxe2 Qa5 7. O-O Nf6 8. a3 Nc6 9. b4 Nxb4 10. Bd2 Nc6 11. Rb1 O-O-O 12. Nb5 Qa6 13. c4 e6 14. Qb3 Ne4 15. Bf4 Nd6 16. a4 Na5 17. Qc2 c6 18. c5 Nxb5 19. axb5 cxb5 20. Ra1 Kd7 21. Qc3 b6 22. cxb6 axb6 23. Qc7+ Ke8 24. Rfc1 Be7 25. Ng3 Qb7 26. Qc3 Nc4 27. Nh5 Bf6 28. Be5 Bxe5 29. dxe5 g6 30. Nf6+ Kf8 31. Qg3 h5 32. h4 Kg7 33. Rd1 Rxd1+ 34. Rxd1 Qb8 35. f4 Rd8 36. Rf1 Kf8 37. Qg5 Rd2 38. Kh2 Ne3 39. Rg1 Qb7 40. Kh3 b4 41. Nh7+ Ke8 42. Nf6+ Kd8 43. Ne4+ Kc8 44. Nxd2 Qd5 45. Nf3 b3 46. Rc1+ Kb7 47. Qe7+ Ka6 48. Qa3+ Kb7 49. Qe7+ Ka6 50. Qb4 Qb5 51. Ra1+ Qa5 52. Rxa5+ 1-0


[Site "https://www.chess.com"]

[Event "Titled Tuesday Blitz April 25 Early 2023"]
[White "Rodrigues, Adriano"]
[Black "Belov, Alexei"]
[WhiteFideId "2100908"]
[BlackFideId "4128206"]
[WhiteElo "2313"]
[BlackElo "2512"]
[Result "1-0"]
[Round "02"]
[TimeControl "180+2"]
[Date "2023.04.25"]
[WhiteClock "0:01:13"]
[BlackClock "0:00:31"]

1. e4 e6 2. d4 d5 3. Nc3 Nf6 4. Bg5 dxe4 5. Nxe4 Be7 6. Bxf6 Bxf6 7. Nf3 O-O 8. Bd3 Bxd4 9. Nxd4 Qxd4 10. Qh5 f5 11. Nc3 Qe5+ 12. Kf1 Nc6 13. Re1 Qf6 14. h4 Ne5 15. Rh3 Bd7 16. Kg1 Bc6 17. Rg3 Nxd3 18. Rxd3 e5 19. Nd5 Bxd5 20. Rxd5 Rfe8 21. Red1 Rad8 22. Rxd8 Rxd8 23. Rxd8+ Qxd8 24. Qxf5 Qxh4 25. Qe6+ Kf8 26. Qc8+ Kf7 27. Qxc7+ Qe7 28. Qc4+ Kf6 29. Qh4+ Ke6 30. Qxh7 Qg5 31. Qh3+ Ke7 32. Qe3 Qf5 33. Qxa7 Qxc2 34. Qxb7+ Kf6 35. Qb4 Qb1+ 36. Kh2 Qxa2 37. Qc3 Qa7 38. f4 Kg6 39. Qxe5 Qf2 40. f5+ Kh6 41. Qg3 Qxf5 42. Qh3+ Kg5 43. Qxf5+ Kxf5 44. Kg3 Ke4 45. Kg4 Kd3 46. Kg5 Kc4 47. Kg6 Kb3 48. g4 Kxb2 49. g5 1-0


[Site "https://www.chess.com"]

[Event "Titled Tuesday Blitz April 25 Early 2023"]
[White "Ordekalog"]
[Black "Prudnykova, Olga"]
[BlackFideId "14121093"]
[WhiteElo "2512"]
[BlackElo "2113"]
[Result "0-1"]
[Round "02"]
[TimeControl "180+2"]
[Date "2023.04.25"]
[WhiteClock "0:00:15"]
[BlackClock "0:00:24"]

1. d4 Nf6 2. c4 g6 3. Nc3 d5 4. Nf3 Bg7 5. cxd5 Nxd5 6. Na4 Nb6 7. e4 Bg4 8. Be3 O-O 9. Be2 Bxf3 10. gxf3 e5 11. d5 c6 12. Nxb6 axb6 13. dxc6 Nxc6 14. Qxd8 Rfxd8 15. Bxb6 Rd6 16. Bc5 Rdd8 17. Bc4 Nd4 18. Bxd4 exd4 19. Bd3 Rd6 20. Ke2 Be5 21. h4 f6 22. h5 g5 23. Rhc1 Rb6 24. Rc2 Kg7 25. b3 Rxb3 26. h6+ Kg6 27. f4 Bxf4 28. e5+ f5 29. axb3 Rxa1 30. e6 Ra5 31. Bc4 Re5+ 32. Kd3 b5 33. Bxb5 Rxb5 34. Rc6 Rxb3+ 35. Kxd4 Rb2 36. e7+ Kf7 37. Re6 Rb8 38. Kd5 Re8 0-1


[Site "https://www.chess.com"]

[Event "Titled Tuesday Blitz April 25 Early 2023"]
[White "Harris, Ian"]
[Black "Shvedova, Alexandra"]
[WhiteFideId "2020092"]
[BlackFideId "54154782"]
[WhiteElo "2307"]
[BlackElo "2057"]
[Result "0-1"]
[Round "02"]
[TimeControl "180+2"]
[Date "2023.04.25"]
[WhiteClock "0:00:19"]
[BlackClock "0:00:43"]

1. d4 e6 2. Bf4 Nf6 3. e3 b6 4. Nd2 Bb7 5. Ngf3 d5 6. Bd3 Bd6 7. Ne5 a6 8. a3 Nbd7 9. Qf3 Qe7 10. g4 h6 11. h4 c5 12. c3 O-O-O 13. Qg3 Bxe5 14. Bxe5 Nxe5 15. dxe5 Ne4 16. Bxe4 dxe4 17. Nc4 Qc7 18. Nd6+ Kb8 19. O-O-O f6 20. Rd2 Rd7 21. Rhd1 Rhd8 22. g5 hxg5 23. hxg5 fxe5 24. Qxe5 Bd5 25. c4 Qxd6 26. Qc3 Qe7 27. Qe5+ Qd6 28. Qc3 Qc7 29. cxd5 exd5 30. Qc2 Qe5 31. Qa4 Kb7 32. Rg1 d4 33. Rg4 Qf5 34. Rf4 Qxg5 35. Rxe4 Qg1+ 36. Kc2 Qg6 37. f3 Re7 38. exd4 Rxe4 39. fxe4 Qxe4+ 40. Kc3 Qe3+ 41. Rd3 cxd4+ 42. Kc2 Rc8+ 0-1


[Site "https://www.chess.com"]

[Event "Titled Tuesday Blitz April 25 Early 2023"]
[White "Camacho Collados, Jose"]
[Black "Gonzalez, Francisco Silva"]
[WhiteFideId "2265427"]
[BlackFideId "1512285"]
[WhiteElo "2198"]
[BlackElo "2074"]
[Result "1-0"]
[Round "02"]
[TimeControl "180+2"]
[Date "2023.04.25"]
[WhiteClock "0:00:02"]
[BlackClock "0:00:03"]

1. Nf3 d5 2. c4 e6 3. d4 a6 4. Nc3 Nf6 5. cxd5 exd5 6. Bg5 Be6 7. e3 Bd6 8. Bd3 Nbd7 9. O-O c6 10. Rb1 O-O 11. b4 Qc7 12. a4 Rfc8 13. Qc2 a5 14. b5 cxb5 15. Nxb5 Bxh2+ 16. Nxh2 Qxc2 17. Bxc2 Rxc2 18. Nd6 Ra2 19. Ra1 Rxa1 20. Rxa1 b6 21. Rb1 Ne4 22. Bf4 Nxd6 23. Bxd6 Rc8 24. Nf3 Bf5 25. Rb5 Bd3 26. Rxd5 Be4 27. Rb5 Bc6 28. Rb1 Bxa4 29. e4 b5 30. d5 f6 31. Nd4 b4 32. f3 Bc2 33. Rc1 Rc4 34. Nc6 b3 35. Ba3 a4 36. Kf2 Ne5 37. Nxe5 fxe5 38. Bb2 Kf7 39. Ke3 Rb4 40. Kd2 Kf6 41. f4 Rxe4 42. fxe5+ Rxe5 43. Rf1+ Bf5 44. g4 Kg6 45. Bxe5 Bxg4 46. Kc3 h5 47. d6 Bd7 48. Kb4 h4 49. Rg1+ Kf5 50. Bxg7 h3 51. Rh1 Ke4 52. Ka3 Kd5 53. Bf8 Kc4 54. Be7 Kc3 55. Bf6+ Kc2 56. Rh2+ Kc1 57. Kb4 Kb1 58. Kc3 Be6 59. Be7 Bd7 60. Bd8 Be6 61. Ba5 Bd7 62. Bb4 Be6 63. Ba3 Bd7 64. Rb2+ Ka1 65. Re2 Bc6 66. Bb2+ Ka2 67. Bc1+ Kb1 68. Ba3 Bg2 69. d7 h2 70. d8=Q h1=Q 71. Qd3+ Ka1 72. Bb2+ Ka2 73. Bc1+ Ka1 74. Bb2+ Ka2 75. Bc1+ Ka1 76. Bd2 Qh8+ 77. Kb4 1-0


[Site "https://www.chess.com"]

[Event "Titled Tuesday Blitz April 25 Early 2023"]
[White "Degenbaev, Aziz"]
[Black "Allahverdiyeva, Ayan"]
[WhiteFideId "13802640"]
[BlackFideId "13412590"]
[WhiteElo "2152"]
[BlackElo "1980"]
[Result "0-1"]
[Round "02"]
[TimeControl "180+2"]
[Date "2023.04.25"]
[WhiteClock "0:00:04"]
[BlackClock "0:00:04"]

1. e4 c5 2. Nf3 d6 3. d4 cxd4 4. Nxd4 Nf6 5. Nc3 a6 6. Be2 e6 7. Be3 Be7 8. g4 b5 9. g5 Nfd7 10. h4 b4 11. Na4 Bb7 12. Bd3 Nc5 13. Nxc5 dxc5 14. Nb3 Qc7 15. Qe2 c4 16. Bxc4 Bxe4 17. Rg1 Nd7 18. O-O-O Rc8 19. Bd3 Bxd3 20. Rxd3 a5 21. Kb1 a4 22. Nd4 Ne5 23. Nb5 Qc4 24. Rd2 Nf3 25. Qxf3 Qxb5 26. Rgd1 b3 27. axb3 axb3 28. cxb3 Qxb3 29. Rd7 O-O 30. Qe4 Ba3 31. Qd4 Qc2+ 32. Ka2 Bc5 33. Qxc5 Rxc5 34. Bxc5 Qxc5 35. Kb1 g6 36. f4 Qf5+ 37. R1d3 Qxf4 38. R7d4 Qf1+ 39. Rd1 Qf5+ 40. Ka2 Ra8+ 41. Kb3 Qb5+ 42. Kc3 Rc8+ 43. Kd2 Qxb2+ 44. Ke1 Rc2 45. Re4 Rh2 46. Rf4 Qe2# 0-1


[Site "https://www.chess.com"]

[Event "Titled Tuesday Blitz April 25 Early 2023"]
[White "Chabris, Christopher"]
[Black "Escanor89"]
[WhiteFideId "2005263"]
[WhiteElo "2301"]
[BlackElo "2508"]
[Result "1-0"]
[Round "02"]
[TimeControl "180+2"]
[Date "2023.04.25"]
[WhiteClock "0:00:12"]
[BlackClock "0:00:04"]

1. e4 c5 2. Nf3 e6 3. d4 cxd4 4. Nxd4 Nf6 5. Nc3 Nc6 6. Nxc6 bxc6 7. Bd3 d5 8. e5 Nd7 9. Bf4 Rb8 10. Rb1 Be7 11. Qg4 g6 12. a3 Nc5 13. O-O h5 14. Qg3 h4 15. Qg4 h3 16. g3 Nxd3 17. cxd3 Ba6 18. Rfd1 Rb3 19. d4 Rh5 20. Be3 Bc4 21. Ne2 Qb6 22. Nf4 Rf5 23. Qxh3 Rxb2 24. Rxb2 Qxb2 25. Qh8+ Bf8 26. g4 Qc2 27. Re1 Rg5 28. h3 Qc3 29. Rc1 Qxa3 30. Nxe6 fxe6 31. Bxg5 Qf3 32. Bh6 1-0


[Site "https://www.chess.com"]

[Event "Titled Tuesday Blitz April 25 Early 2023"]
[White "Aggelis, Nikolaos"]
[Black "Onslow, Alfie"]
[WhiteFideId "4213220"]
[BlackFideId "436976"]
[WhiteElo "2189"]
[BlackElo "2114"]
[Result "0-1"]
[Round "02"]
[TimeControl "180+2"]
[Date "2023.04.25"]
[WhiteClock "0:00:35"]
[BlackClock "0:00:05"]

1. c4 c5 2. Nf3 Nf6 3. g3 Nc6 4. Bg2 d5 5. cxd5 Nxd5 6. Nc3 g6 7. O-O Bg7 8. d3 O-O 9. Bd2 Nxc3 10. Bxc3 b6 11. Bxg7 Kxg7 12. a3 Bb7 13. Rb1 Qd7 14. b4 Nd4 15. Nxd4 cxd4 16. Bxb7 Qxb7 17. b5 Qd5 18. Qa4 e5 19. Rfc1 h5 20. Qc4 Rfd8 21. Qxd5 Rxd5 22. Rc7 a6 23. bxa6 Rxa6 24. Rb3 Rda5 25. Re7 Kf6 26. Rb7 Rxa3 27. Rxa3 Rxa3 28. Rxb6+ Kf5 29. Kg2 g5 30. Rb7 f6 31. Rb2 Rc3 32. h3 g4 33. h4 Kg6 34. f3 gxf3+ 35. Kxf3 Rc1 36. Rb8 Rf1+ 37. Kg2 Re1 38. Kf2 Ra1 39. Rg8+ Kf7 40. Rh8 Kg6 41. Kf3 Rf1+ 42. Kg2 Re1 43. Kf2 Ra1 44. Rg8+ Kf7 45. Rb8 Rd1 46. Rb6 Ra1 47. Rc6 Rb1 48. Rc5 Ra1 49. Kf3 Rf1+ 50. Ke4 Rf2 51. Rc2 Ke6 52. Rc6+ Kd7 53. Ra6 Rxe2+ 54. Kf5 Rf2+ 55. Kg6 Rf3 56. Kxh5 Rxg3 57. Rxf6 Rxd3 58. Kg4 Ke7 59. Rf1 Ke6 60. h5 Rd2 61. Kg3 Ra2 62. h6 Ra8 63. Kg4 Rh8 64. Kg5 Rg8+ 65. Kh5 d3 66. h7 Rh8 67. Kg6 Kd5 68. Kg7 Rxh7+ 69. Kxh7 e4 70. Kg6 e3 71. Rf8 d2 72. Kf5 Kc4 73. Rd8 e2 74. Rxd2 e1=Q 75. Rd6 Qf2+ 76. Ke6 Qe3+ 77. Kd7 Qe5 78. Re6 Qb8 79. Ke7 Kd5 80. Rf6 Qc7+ 81. Kf8 Ke5 82. Rf7 Qd8+ 83. Kg7 Qg5+ 84. Kf8 Ke6 85. Rg7 Qh6 86. Kg8 Qh5 87. Kf8 Qh8+ 88. Rg8 Qf6+ 89. Ke8 Qf7+ 0-1


[Site "https://www.chess.com"]

[Event "Titled Tuesday Blitz April 25 Early 2023"]
[White "Ardila, Oscar Humberto"]
[Black "Devaev, Alexander"]
[WhiteFideId "4404742"]
[BlackFideId "4169395"]
[WhiteElo "1918"]
[BlackElo "2204"]
[Result "1-0"]
[Round "02"]
[TimeControl "180+2"]
[Date "2023.04.25"]
[WhiteClock "0:00:22"]
[BlackClock "0:00:05"]

1. d4 Nf6 2. c4 e6 3. Nc3 Bb4 4. Bd2 c5 5. dxc5 Na6 6. Nf3 Nxc5 7. a3 Bxc3 8. Bxc3 Nce4 9. Bd4 b6 10. b4 Bb7 11. e3 O-O 12. Be2 d5 13. O-O Rc8 14. Rc1 Qe7 15. Qb3 Rfd8 16. Rfd1 Ng4 17. Qb2 Ngxf2 18. Bxg7 Nxd1 19. Rxd1 dxc4 20. Rxd8+ Rxd8 21. Bxc4 f6 22. Bh6 Bd5 23. Bd3 Kf7 24. Nd4 e5 25. Nf5 Qe6 26. Ng3 Nxg3 27. hxg3 Bxg2 28. Qc2 Bd5 29. Bxh7 e4 30. Qc7+ Rd7 31. Qc8 Qe8 32. Bg6+ Kxg6 33. Qxe8+ Rf7 34. Bf4 Kf5 35. Qg8 Ke6 36. Qg6 b5 37. g4 Ke7 38. Qf5 Rg7 39. Qxd5 1-0


[Site "https://www.chess.com"]

[Event "Titled Tuesday Blitz April 25 Early 2023"]
[White "Rodriguez Santiago, Jaime"]
[Black "Principe, Alexander"]
[WhiteFideId "3100898"]
[BlackFideId "3804542"]
[WhiteElo "2025"]
[BlackElo "2203"]
[Result "1-0"]
[Round "02"]
[TimeControl "180+2"]
[Date "2023.04.25"]
[WhiteClock "0:00:21"]
[BlackClock "0:00:13"]

1. c4 Nf6 2. Nc3 g6 3. g3 Bg7 4. Bg2 O-O 5. e4 d6 6. Nge2 c5 7. O-O Nc6 8. d3 Ne8 9. Be3 Nc7 10. d4 cxd4 11. Nxd4 Ne6 12. Nde2 Nc5 13. f3 Be6 14. b3 Nb4 15. a3 Nc6 16. Rb1 Rc8 17. Qd2 a5 18. a4 Nb4 19. Bd4 f5 20. Bxg7 Kxg7 21. Nf4 Bf7 22. exf5 gxf5 23. Ncd5 e5 24. Nxb4 axb4 25. Nd5 Bxd5 26. Qxd5 Rf6 27. Rfd1 Qb6 28. Kh1 Re8 29. Rd2 e4 30. Re2 e3 31. f4 Ne4 32. Bxe4 Rxe4 33. Rbe1 h6 34. Kg2 Rd4 35. Qf3 Re6 36. Rxe3 Rd2+ 37. Kh3 Rxe3 38. Rxe3 Qc7 39. Qh5 Qf7 40. Qh4 Qg6 41. Re7+ Kf8 42. Rxb7 1-0


[Site "https://www.chess.com"]

[Event "Titled Tuesday Blitz April 25 Early 2023"]
[White "Bashkansky, Ethan"]
[Black "Tokman, Ariel"]
[WhiteFideId "2071533"]
[BlackFideId "117420"]
[WhiteElo "2297"]
[BlackElo "2263"]
[Result "0-1"]
[Round "02"]
[TimeControl "180+2"]
[Date "2023.04.25"]
[WhiteClock "0:00:23"]
[BlackClock "0:00:59"]

1. d4 b6 2. c4 Bb7 3. a3 Nf6 4. d5 e5 5. Nc3 a5 6. g3 d6 7. Bg2 Nbd7 8. Nh3 g6 9. O-O Bg7 10. Kh1 O-O 11. f4 exf4 12. gxf4 Re8 13. e4 Nc5 14. Qe2 c6 15. e5 cxd5 16. cxd5 Nfd7 17. Ng5 dxe5 18. fxe5 Nxe5 19. Bf4 Ned3 20. Qd2 Nxf4 21. Qxf4 f5 22. Rad1 Qf6 23. h4 h6 24. Nf3 Ne4 25. Qc7 Re7 26. Nxe4 fxe4 27. Qxb6 exf3 28. Rxf3 Qxb6 0-1


[Site "https://www.chess.com"]

[Event "Titled Tuesday Blitz April 25 Early 2023"]
[White "Dushyant Sharma"]
[Black "Bogaudinov, Rushan"]
[WhiteFideId "25065130"]
[BlackFideId "4129288"]
[WhiteElo "2198"]
[BlackElo "1967"]
[Result "1-0"]
[Round "02"]
[TimeControl "180+2"]
[Date "2023.04.25"]
[WhiteClock "0:01:15"]
[BlackClock "0:00:06"]

1. e4 c5 2. Nf3 Nc6 3. d4 cxd4 4. Nxd4 a6 5. Nc3 e6 6. Be3 Qc7 7. f4 b5 8. Bd3 Bb7 9. Nb3 Be7 10. Qf3 Nb4 11. O-O Nf6 12. a3 Nxd3 13. cxd3 d6 14. Rac1 Qd7 15. Qg3 O-O 16. f5 exf5 17. Rxf5 g6 18. Rcf1 Ne8 19. Na5 Ng7 20. R5f3 f5 21. Nxb7 Qxb7 22. exf5 Nh5 23. Qh3 Rae8 24. fxg6 hxg6 25. Qe6+ Kh7 26. Rf7+ Rxf7 27. Rxf7+ Ng7 28. Bd4 Bf6 29. Qh3+ Kg8 30. Rxb7 Bxd4+ 31. Kf1 Rf8+ 32. Ke1 Re8+ 33. Kd1 Re3 34. Qd7 Rxd3+ 35. Kc2 Re3 36. Qd8+ Kh7 37. Qh4+ Kg8 38. Qxd4 1-0


[Site "https://www.chess.com"]

[Event "Titled Tuesday Blitz April 25 Early 2023"]
[White "Pauly, Carlo"]
[Black "Blokhin, Sofia"]
[WhiteFideId "24673269"]
[BlackFideId "4508190"]
[WhiteElo "2254"]
[BlackElo "1994"]
[Result "1-0"]
[Round "02"]
[TimeControl "180+2"]
[Date "2023.04.25"]
[WhiteClock "0:00:46"]
[BlackClock "0:00:01"]

1. d4 f5 2. c4 g6 3. h4 Nf6 4. Nc3 Bg7 5. h5 Rg8 6. hxg6 hxg6 7. Nf3 d6 8. e3 c6 9. Bd3 Na6 10. e4 e6 11. Bg5 Qc7 12. Qe2 Bd7 13. exf5 gxf5 14. Bxf5 O-O-O 15. Bh3 Rde8 16. O-O-O Qa5 17. Kb1 Nb4 18. a3 Na6 19. Rhe1 Nh7 20. Bf4 c5 21. Bxd6 cxd4 22. Nxd4 Qb6 23. Ndb5 Bxc3 24. Nxc3 Ng5 25. c5 Nxc5 26. Qc4 Bc6 27. Bxc5 Qc7 28. Bxe6+ Nxe6 29. Rxe6 1-0


[Site "https://www.chess.com"]

[Event "Titled Tuesday Blitz April 25 Early 2023"]
[White "sebastianmarinp"]
[Black "Erzhanov, Arman"]
[BlackFideId "4138821"]
[WhiteElo "2292"]
[BlackElo "2138"]
[Result "1-0"]
[Round "02"]
[TimeControl "180+2"]
[Date "2023.04.25"]
[WhiteClock "0:00:12"]
[BlackClock "0:00:52"]

1. e4 d5 2. exd5 Qxd5 3. Nc3 Qe5+ 4. Qe2 Qxe2+ 5. Bxe2 e5 6. Nf3 Nc6 7. Bb5 f6 8. d4 exd4 9. Nxd4 Bd7 10. Nxc6 bxc6 11. Bc4 Bb4 12. Bd2 O-O-O 13. O-O-O Ne7 14. Rhe1 Ng6 15. a3 Bc5 16. Ne4 Bb6 17. Be3 Rhe8 18. Nc5 Bg4 19. f3 Bf5 20. Ba6+ Kb8 21. g4 Rxd1+ 22. Rxd1 Bc8 23. Nd7+ Bxd7 24. Bxb6 axb6 25. Rxd7 Re7 26. Rxe7 Nxe7 27. Bd3 h6 28. Kd2 Nd5 29. Be4 Ne7 30. Ke3 Kc8 31. h4 g5 32. f4 Kd7 33. fxg5 hxg5 34. hxg5 fxg5 35. Kd4 Kd6 36. b4 Ng8 37. c4 Nf6 38. c5+ Kd7 39. Bf3 Ng8 40. Ke5 Ne7 41. Kf6 bxc5 42. bxc5 Nd5+ 43. Bxd5 cxd5 44. Kxg5 Kc6 45. Kf5 Kxc5 46. g5 d4 47. Ke4 Kc4 48. g6 d3 49. g7 Kb3 50. g8=Q+ Kxa3 51. Kxd3 Kb4 52. Qc4+ Ka5 53. Qxc7+ Ka6 54. Qb8 Ka5 55. Kc4 Ka4 56. Qb4# 1-0


[Site "https://www.chess.com"]

[Event "Titled Tuesday Blitz April 25 Early 2023"]
[White "Girsh, Daniel"]
[Black "Fierz, Martin"]
[WhiteFideId "30949190"]
[BlackFideId "1302132"]
[WhiteElo "2075"]
[BlackElo "2291"]
[Result "1-0"]
[Round "02"]
[TimeControl "180+2"]
[Date "2023.04.25"]
[WhiteClock "0:00:13"]
[BlackClock "0:00:02"]

1. Nf3 d5 2. g3 Nf6 3. Bg2 c6 4. O-O Bg4 5. d4 Nbd7 6. h3 Bh5 7. c4 e6 8. Nc3 Be7 9. b3 O-O 10. Bb2 a5 11. Rc1 Qb8 12. Nd2 b5 13. cxd5 cxd5 14. g4 Bg6 15. e4 b4 16. Na4 Nxe4 17. Nxe4 Bxe4 18. Bxe4 dxe4 19. d5 Qf4 20. Kg2 Bd6 21. Rh1 Ne5 22. Bxe5 Bxe5 23. Nb6 Rad8 24. Rc5 e3 25. Qf3 exf2 26. Qxf4 Bxf4 27. Kxf2 Bd6 28. Rc6 exd5 29. Rd1 Bb8 30. Nxd5 h6 31. Ra6 Rfe8 32. Rxa5 Kh7 33. Rd3 Bd6 34. Ne3 Bc7 35. Rxd8 Rxd8 36. Rd5 1-0


[Site "https://www.chess.com"]

[Event "Titled Tuesday Blitz April 25 Early 2023"]
[White "Arencibia Monduy, Antonio"]
[Black "Bashirli, Saadat"]
[WhiteFideId "3507939"]
[BlackFideId "13429990"]
[WhiteElo "2500"]
[BlackElo "1408"]
[Result "1-0"]
[Round "02"]
[TimeControl "180+2"]
[Date "2023.04.25"]
[WhiteClock "0:00:17"]
[BlackClock "0:00:08"]

1. e4 c5 2. Nf3 g6 3. c3 Nf6 4. e5 Nd5 5. Bc4 Nb6 6. Bb3 c4 7. Bc2 d6 8. O-O dxe5 9. Nxe5 Bg7 10. Re1 O-O 11. b3 cxb3 12. axb3 Be6 13. d4 Bd7 14. Bf4 Nc6 15. Nxd7 Qxd7 16. Be4 Nd5 17. Bg3 e6 18. Qf3 Nf6 19. Bc2 Rac8 20. Na3 Nd5 21. Nc4 b5 22. Nd6 Rb8 23. Be4 Nce7 24. Red1 Rb6 25. c4 bxc4 26. bxc4 Nf6 27. c5 Nxe4 28. cxb6 Nxd6 29. Bxd6 Qxd6 30. bxa7 Bxd4 31. a8=Q Rxa8 32. Qxa8+ Kg7 33. Qe4 e5 34. Rab1 Nd5 35. Qd3 Nc3 36. Qxc3 Qe6 37. Rxd4 exd4 38. Qxd4+ f6 39. Rd1 Kh6 40. Qe3+ Qxe3 41. fxe3 g5 42. Kf2 Kg6 43. e4 h6 44. Kf3 f5 45. exf5+ Kxf5 46. Rd5+ Kf6 47. Ra5 g4+ 48. Kxg4 h5+ 49. Kxh5 Ke6 50. Kg4 1-0


[Site "https://www.chess.com"]

[Event "Titled Tuesday Blitz April 25 Early 2023"]
[White "Albuquerque Junior,Wellington S."]
[Black "Zavortink, Matt"]
[WhiteFideId "2151480"]
[BlackFideId "2034263"]
[WhiteElo "2109"]
[BlackElo "2499"]
[Result "1-0"]
[Round "02"]
[TimeControl "180+2"]
[Date "2023.04.25"]
[WhiteClock "0:00:17"]
[BlackClock "0:00:10"]

1. c4 Nf6 2. g3 g6 3. Bg2 Bg7 4. Nc3 O-O 5. e4 d6 6. d3 c5 7. Nge2 Nc6 8. O-O Rb8 9. h3 Ne8 10. Be3 Nc7 11. d4 b5 12. dxc5 dxc5 13. Qxd8 Rxd8 14. cxb5 Nxb5 15. Bxc5 Nxc3 16. bxc3 Ba6 17. Rfe1 Bxe2 18. Rxe2 Bxc3 19. Rc1 Bd4 20. Ba3 Rb6 21. Kh2 Ra6 22. Bc5 Bxc5 23. Rxc5 f6 24. Rb2 Nd4 25. Rd5 Rad6 26. Rb7 e6 27. Rxd6 Rxd6 28. Rxa7 e5 29. Bf1 Rc6 30. Ra4 Rc2 31. Bc4+ Kg7 32. Kg2 h5 33. Bd5 Rd2 34. Ra7+ Kh6 35. Rf7 f5 36. exf5 Nxf5 37. Be4 Nd4 38. Rf6 Rxa2 39. Rxg6+ Kh7 40. Ra6+ 1-0


[Site "https://www.chess.com"]

[Event "Titled Tuesday Blitz April 25 Early 2023"]
[White "The_Sherman_Variation"]
[Black "Levitan, Caleb Levi"]
[BlackFideId "14332620"]
[WhiteElo "2496"]
[BlackElo "1963"]
[Result "1-0"]
[Round "02"]
[TimeControl "180+2"]
[Date "2023.04.25"]
[WhiteClock "0:00:21"]
[BlackClock "0:00:03"]

1. b3 d5 2. e3 Bf5 3. Bb2 e6 4. c4 Nf6 5. Nf3 c6 6. Be2 h6 7. Nc3 Nbd7 8. O-O Bd6 9. Nd4 Bh7 10. f4 O-O 11. Qe1 e5 12. fxe5 Bxe5 13. Nf3 Bb8 14. Rc1 Ne4 15. cxd5 Nxc3 16. Bxc3 cxd5 17. Qf2 Qe7 18. h3 Qd6 19. Qh4 Be4 20. d3 Bxf3 21. Rxf3 Ne5 22. Rg3 Ng6 23. Rxg6 fxg6 24. Bf3 Rxf3 25. gxf3 Qh2+ 26. Kf1 Qh1+ 27. Ke2 Qxc1 28. Qd4 Qc2+ 29. Kf1 Qd1+ 30. Kf2 Bg3+ 31. Kg2 Be5 32. Qxe5 Qe2+ 33. Kg3 Kf8 34. Qxg7+ Ke8 35. Qg8+ Kd7 36. Qxd5+ Ke7 37. Bb4+ Ke8 38. Qe6+ Kd8 39. Be7+ Kc7 40. Qd6+ Kc8 41. Qd8# 1-0


[Site "https://www.chess.com"]

[Event "Titled Tuesday Blitz April 25 Early 2023"]
[White "Sarkar, Justin"]
[Black "Roebers, Eline"]
[WhiteFideId "2010011"]
[BlackFideId "1058401"]
[WhiteElo "2189"]
[BlackElo "2494"]
[Result "0-1"]
[Round "02"]
[TimeControl "180+2"]
[Date "2023.04.25"]
[WhiteClock "0:01:32"]
[BlackClock "0:02:32"]

1. e4 c5 2. Nf3 e6 3. d4 cxd4 4. Nxd4 Nc6 5. Nc3 Nf6 6. Nxc6 bxc6 7. e5 Nd5 8. Ne4 Qc7 9. f4 Rb8 10. c4 Bb4+ 11. Ke2 O-O 12. cxd5 cxd5 13. Nd6 f6 14. Bd2 fxe5 15. fxe5 Ba6+ 16. Ke1 Qc5 0-1


[Site "https://www.chess.com"]